[ AOE2 MATCH · #513880242 ]
UnrankedMagyars vs Romans
Player's team · LOSS
Rival team · WIN
[ REPLAY ANALYSIS · EXTRACTED FROM THE RECORDED GAME ]
Feudal
9:50
Castle
—
Imperial
—
| APM avg | 41.2 |
| APM peak | 69 |
| eAPM avg | 23.2 |
| Villagers / military | 44 / 13 |
Focus
⚔️ 26.6% · 🌾 73.4%
Scout Cavalry ×12 · Spearman ×1
Feudal
11:32
Castle
—
Imperial
—
| APM avg | 52.2 |
| APM peak | 62 |
| eAPM avg | 19.5 |
| Villagers / military | 35 / 17 |
Focus
⚔️ 26.8% · 🌾 73.2%
Militia ×17
Match map
Initial resources + every placement click. Lines = walls · curves = elevation contours. ◆ gold · ⬟ stone · ● berries · ✦ relic · ◌ wall gap
Your base· ✓ Closed at 12:00 · 63t walls · no gate
VNS_Tachi's base· Open — opponent sealed themselves in
Smoothed initial terrain · ◌ = detected wall gap · hover for details
Inputs per minute
— ChavezTRC - - VNS_Tachi
Build order — ChavezTRC
92 actions detected in the replay
| 0:03 | Build | House |
| 0:04 | Build | House |
| 0:08 | queue | Villager (Male) |
| 0:09 | queue | Villager (Male) |
| 0:09 | queue | Villager (Male) |
| 0:09 | queue | Villager (Male) |
| 1:41 | queue | Villager (Male) |
| 1:41 | queue | Villager (Male) |
| 2:03 | queue | Villager (Male) |
| 2:03 | queue | Villager (Male) |
| 2:03 | queue | Villager (Male) |
| 2:36 | queue | Villager (Male) |
| 2:36 | queue | Villager (Male) |
| 2:36 | queue | Villager (Male) |
| 2:39 | Build | Lumber Camp |
| 2:43 | queue | Villager (Male) |
| 2:43 | queue | Villager (Male) |
| 3:20 | queue | Villager (Male) |
| 3:20 | queue | Villager (Male) |
| 3:20 | queue | Villager (Male) |
| 3:23 | queue | Villager (Male) |
| 3:23 | queue | Villager (Male) |
| 3:23 | queue | Villager (Male) |
| 3:31 | Build | House |
| 3:46 | queue | Villager (Male) |
| 3:47 | queue | Villager (Male) |
| 4:12 | Build | House |
| 4:14 | Build | Palisade Wall |
| 4:16 | Build | Palisade Wall |
| 4:22 | queue | Villager (Male) |
| 4:22 | queue | Villager (Male) |
| 4:22 | queue | Villager (Male) |
| 4:24 | queue | Villager (Male) |
| 4:24 | queue | Villager (Male) |
| 4:24 | queue | Villager (Male) |
| 5:14 | Build | Mill |
| 5:35 | queue | Villager (Male) |
| 5:53 | queue | Villager (Male) |
| 5:53 | queue | Villager (Male) |
| 5:54 | queue | Villager (Male) |
| 5:54 | queue | Villager (Male) |
| 5:54 | queue | Villager (Male) |
| 6:30 | Research | Loom |
| 6:55 | queue | Villager (Male) |
| 7:40 | Research | Feudal Age |
| 7:41 | Research | Feudal Age |
| 7:41 | Research | Feudal Age |
| 7:48 | Build | House |
| 7:59 | Build | Lumber Camp |
| 8:03 | Build | Barracks |
| 8:09 | Build | Palisade Wall |
| 8:26 | queue | Villager (Male) |
| 8:50 | Build | Palisade Wall |
| 8:52 | queue | Villager (Male) |
| 9:01 | Build | Palisade Wall |
| 9:05 | Build | Palisade Wall |
| 9:13 | Build | Palisade Wall |
| 9:14 | Build | Palisade Wall |
| 9:17 | queue | Villager (Male) |
| 9:50 | Age | Feudal Age |
| 10:03 | Build | Stable |
| 10:06 | queue | Spearman |
| 10:09 | queue | Villager (Male) |
| 10:18 | Build | House |
| 10:47 | queue | Scout Cavalry |
| 10:48 | queue | Scout Cavalry |
| 11:57 | Build | Farm |
| 12:21 | Build | House |
| 12:28 | queue | Scout Cavalry |
| 12:28 | queue | Scout Cavalry |
| 12:28 | queue | Scout Cavalry |
| 12:29 | queue | Scout Cavalry |
| 12:29 | queue | Scout Cavalry |
| 12:41 | Build | Farm |
| 13:35 | queue | Villager (Male) |
| 13:54 | Build | Farm |
| 13:57 | Build | Farm |
| 13:58 | Build | Farm |
| 13:59 | Build | Farm |
| 14:05 | Build | Mining Camp |
| 14:11 | Build | Mining Camp |
| 14:20 | queue | Scout Cavalry |
| 14:20 | queue | Scout Cavalry |
| 14:21 | queue | Scout Cavalry |
| 14:30 | Build | House |
| 15:01 | queue | Villager (Male) |
| 15:02 | queue | Villager (Male) |
| 15:05 | Build | Lumber Camp |
| 15:12 | queue | Scout Cavalry |
| 15:13 | queue | Scout Cavalry |
| 15:38 | queue | Villager (Male) |
| 16:15 | queue | Villager (Male) |
Build order — VNS_Tachi
92 actions detected in the replay
| 0:00 | queue | Villager (Male) |
| 0:01 | queue | Villager (Male) |
| 0:01 | queue | Villager (Male) |
| 0:02 | Build | House |
| 0:04 | Build | House |
| 0:27 | queue | Villager (Male) |
| 1:32 | queue | Villager (Male) |
| 1:45 | queue | Villager (Male) |
| 1:45 | queue | Villager (Male) |
| 1:54 | Build | Lumber Camp |
| 2:18 | queue | Villager (Male) |
| 2:43 | queue | Villager (Male) |
| 2:53 | queue | Villager (Male) |
| 3:02 | Build | House |
| 3:19 | queue | Villager (Male) |
| 3:57 | queue | Villager (Male) |
| 3:57 | queue | Villager (Male) |
| 4:14 | Build | Mill |
| 4:40 | queue | Villager (Male) |
| 4:40 | queue | Villager (Male) |
| 4:40 | queue | Villager (Male) |
| 4:44 | queue | Villager (Male) |
| 5:16 | queue | Villager (Male) |
| 5:19 | queue | Villager (Male) |
| 5:31 | queue | Villager (Male) |
| 6:09 | Build | House |
| 6:29 | Build | Barracks |
| 6:50 | queue | Villager (Male) |
| 6:52 | Research | Loom |
| 7:14 | queue | Militia |
| 7:14 | queue | Militia |
| 7:15 | queue | Militia |
| 7:15 | queue | Militia |
| 7:17 | Build | House |
| 7:47 | Build | Mining Camp |
| 8:05 | queue | Villager (Male) |
| 8:07 | queue | Villager (Male) |
| 8:27 | queue | Militia |
| 8:45 | queue | Militia |
| 8:48 | queue | Villager (Male) |
| 9:23 | Research | Feudal Age |
| 9:23 | Research | Feudal Age |
| 10:09 | queue | Villager (Male) |
| 10:15 | queue | Militia |
| 10:18 | Build | House |
| 10:19 | Build | House |
| 10:20 | queue | Villager (Male) |
| 10:58 | queue | Villager (Male) |
| 11:32 | Age | Feudal Age |
| 11:34 | Research | Man-at-Arms (upgrade) |
| 11:34 | Research | Man-at-Arms (upgrade) |
| 11:36 | Build | Blacksmith |
| 11:49 | queue | Villager (Male) |
| 11:53 | queue | Militia |
| 11:54 | queue | Militia |
| 11:54 | queue | Militia |
| 11:59 | Build | Farm |
| 11:59 | Build | Farm |
| 12:00 | Build | Farm |
| 12:00 | Build | Farm |
| 12:00 | Build | Farm |
| 12:00 | Build | Farm |
| 12:01 | Build | Farm |
| 12:01 | Build | Farm |
| 12:01 | Build | Farm |
| 12:31 | queue | Militia |
| 12:53 | Research | Scale Mail Armor |
| 12:53 | Research | Scale Mail Armor |
| 12:57 | queue | Villager (Male) |
| 13:34 | Research | Forging |
| 13:35 | queue | Militia |
| 13:48 | queue | Militia |
| 13:49 | queue | Militia |
| 13:52 | Build | Farm |
| 13:55 | queue | Villager (Male) |
| 14:13 | queue | Militia |
| 14:14 | queue | Villager (Male) |
| 14:17 | Build | Farm |
| 15:01 | queue | Militia |
| 15:02 | queue | Militia |
| 15:02 | queue | Villager (Male) |
| 15:07 | queue | Villager (Male) |
| 15:14 | queue | Villager (Male) |
| 15:36 | queue | Villager (Male) |
| 15:38 | Build | House |
| 15:38 | Build | House |
| 15:39 | Build | House |
| 15:39 | Build | House |
| 15:39 | Build | House |
| 15:41 | Research | Double-Bit Axe |
| 15:41 | Research | Double-Bit Axe |
| 15:47 | Research | Horse Collar |
Match timeline
| 4:14 | ChavezTRC · wall_segment Palisade Wall x3 |
| 4:16 | ChavezTRC · wall_segment Palisade Wall x3 |
| 6:29 | VNS_Tachi · first_building Barracks |
| 8:03 | ChavezTRC · first_building Barracks |
| 8:09 | ChavezTRC · wall_segment Palisade Wall x10 |
| 8:50 | ChavezTRC · wall_segment Palisade Wall x1 |
| 9:01 | ChavezTRC · wall_segment Palisade Wall x19 |
| 9:05 | ChavezTRC · wall_segment Palisade Wall x5 |
| 9:13 | ChavezTRC · wall_segment Palisade Wall x22 |
| 9:14 | ChavezTRC · wall_segment Palisade Wall x1 |
| 9:50 | ChavezTRC · age_up feudal |
| 10:03 | ChavezTRC · first_building Stable |
| 11:32 | VNS_Tachi · age_up feudal |
| 16:37 | ChavezTRC · resign |
[ AI ANALYSIS · 1 CREDIT ]
What really happened in this match?
Wolo.gg analyzes every decision: build order, eco, micro, common mistakes by bracket. Personalized analysis on WhatsApp or Discord in 30 seconds.
Civ guide
Magyars
Perfil
Jugador #108764